 Dungeon Crawl Stone Soup version 0.17-a0-854-g4a4ba72 (webtiles) character file.

4893 ahoge the Basher (level 10, -7/58 HPs)
             Began as a Gargoyle Berserker on Apr 28, 2015.
             Was a Priest of Trog.
             Mangled by an orc knight
             ... wielding a +0 war axe
              (15 damage)
             ... in a bailey.
             The game lasted 00:54:37 (6632 turns).

ahoge the Basher (Gargoyle Berserker)               Turns: 6632, Time: 00:54:37

Health: -7/58      AC: 24    Str: 26    XL:     10   Next: 51%
Magic:  10/10      EV: 12    Int:  8    God:    Trog [***...]
Gold:   399        SH:  0    Dex: 12    Spells: 0 memorised, 9 levels left

rFire  + . .     SeeInvis .     o - +2 mace (protect)
rCold  + + .     Clarity  +     p - +1 ring mail {rN+} (curse)
rNeg   + + .     SustAb   .     (no shield)
rPois  ∞         Gourm    .     b - +1 helmet
rElec  +         Spirit   .     (no cloak)
rCorr  +         Warding  .     j - +2 pair of gloves
rMut   .         Rnd*Tele +     (no boots)
MR     +....                    v - amulet of clarity
Stlth  +++.......               (no ring)
                                i - ring of stealth

@: mighty, exhausted, resistant (expiring), flying, slowed, very slow, somewhat
resistant to hostile enchantments, fairly stealthy
A: big wings, cold resistance 1, magic resistance 1, negative energy resistance
1, electricity resistance, teleportitis 1, unbreathing, petrification
resistance, rot immunity, subdued magic 1, AC +7
a: Stop Flying, Burn Spellbooks, Berserk, Trog's Hand, Renounce Religion


You were in a bailey.
You worshipped Trog.
Trog was most pleased with you.
You were not hungry.

You visited 1 branch of the dungeon, and saw 8 of its levels.
You also visited: Bailey.

You collected 399 gold pieces.

Inventory:

Hand weapons
 h - a +0 whip
 o - a +2 mace of protection (weapon)
Missiles
 E - 5 steel javelins (quivered)
Armour
 b - a +1 helmet (worn)
 j - a +2 pair of gloves (worn)
 p - a cursed +1 ring mail of positive energy (worn)
 t - a +0 shield
 D - a steam dragon hide
Jewellery
 i - a ring of stealth (left hand)
 v - an amulet of clarity (around neck)
Magical devices
 e - a wand of confusion (48)
 B - a wand of random effects (25)
Scrolls
 d - 7 scrolls of identify
 l - 6 scrolls of teleportation
 r - a scroll of blinking
 u - 2 scrolls of fear
 x - a scroll of fog
 y - 2 scrolls of remove curse
 H - a scroll of enchant armour
Potions
 k - 3 potions of restore abilities
 m - a potion of cancellation
 n - 2 potions of curing
 q - a potion of brilliance
 A - 2 potions of magic
 F - a potion of resistance
Books
 a - a book of Unlife

   Spells                             Type                      Level
   a - Recall                         Summoning/Translocation      3
   b - Animate Dead                   Necromancy                   4
   c - Control Undead                 Necromancy                   4
   d - Cigotuvi's Embrace             Necromancy                   5
   e - Death Channel                  Necromancy                   6
   f - Simulacrum                     Ice/Necromancy               6
   Trog disapproves of the use of such an item.
 s - a book of the Tempests

   Spells                             Type                      Level
   a - Static Discharge               Conjuration/Air              3
   b - Lightning Bolt                 Conjuration/Air              5
   c - Fireball                       Conjuration/Fire             5
   d - Tornado                        Air                          9
   e - Shatter                        Earth                        9
   Trog disapproves of the use of such an item.
 w - a book of Fire

   Spells                             Type                      Level
   a - Ignite Poison                  Fire/Transmutation/Poison    3
   b - Fireball                       Conjuration/Fire             5
   c - Bolt of Fire                   Conjuration/Fire             6
   d - Delayed Fireball               Conjuration/Fire             7
   e - Ring of Flames                 Charms/Fire                  7
   Trog disapproves of the use of such an item.
Comestibles
 c - 4 bread rations
 f - a royal jelly
 g - 4 meat rations
 z - 14 chunks of flesh
 C - a slice of pizza


   Skills:
 * Level 4.7 Fighting
 + Level 12.4 Maces & Flails
 * Level 4.3 Armour
 * Level 3.7 Dodging
 + Level 4.8 Stealth
 + Level 4.8 Shields


You had 9 spell levels left.
You didn't know any spells.

Dungeon Overview and Level Annotations

Branches:
Dungeon (8/15)             Temple (0/1) D:6            Lair (0/8) D:8

Altars:
Dithmenos
Ru
Yredelemnul
Zin


Innate Abilities, Weirdness & Mutations

You are resistant to torment.
Your stone body is resilient (AC +7).
You are immune to poison.
You resist negative energy.
You are resistant to electric shocks.
You can survive without breathing.
You are immune to petrification.
You are immune to rotting.
Your large and strong wings let you fly indefinitely.
Your flesh is cold resistant.
You are resistant to hostile enchantments.
You are occasionally teleported to nearby monsters.
Your spells are a little easier to cast, but a little less powerful.


Message History

You thump the orc warrior!
The orc warrior is almost dead.
The orc warrior hits you with a battleaxe!
* * * LOW HITPOINT WARNING * * *
Drink which item? (? for menu, Esc to quit)
You feel better. The orc warrior closely misses you.
Drink which item? (? for menu, Esc to quit)
You feel refreshed.
Your skin stops crawling.
You feel less resistant to hostile enchantments.
Eat one of 15 chunks of flesh? (ye/n/q/i?) This raw flesh tastes terrible.
You start to feel less resistant.
The orc knight hits you with a war axe!!
* * * LOW HITPOINT WARNING * * *
You continue eating.
The orc knight barely misses you.
You continue eating.
The orc knight hits you with a war axe!
You die... ... ##...(.## ......... ####)## #.........##...).## .........#....)))# ..ogo..##...)...## goooo #.........# ooo

##.........##
###o###.....⌠.....#
##88@88##.........##
#.......#...).....#
##.....).##)......##
+........)'.......#
##........)##.....##
#.....⌠.....#######
##.........##
#.........#
##.......##


You could see an orc knight (frenzied), 7 orc warriors, 2 gnolls and 2 orcs.

Vanquished Creatures
  An orc warlord (Bailey)
  Sigmund (D:3)
  A hippogriff (D:7)
  A steam dragon (D:7)
  Menkaure (D:7)
  The ghost of RobertPalmer the Cutter, an average KoHu (D:3)
  2 black bears
  3 orc warriors (Bailey)
  2 sky beasts
  A water moccasin (D:7)
  3 ice beasts
  3 ogres
  2 giant frogs
  2 scorpions
  5 killer bees
  2 jellies
  10 orc priests
  A centaur zombie (D:5)
  An iguana (D:6)
  A hound (D:7)
  Natasha (thrice) (D:4)
  3 orc wizards
  5 worker ants
  Robin (D:3)
  6 gnolls
  6 adders
  2 river rats (D:7)
  2 adder skeletons
  An adder zombie (D:6)
  A worm (D:2)
  8 giant geckos
  23 orcs
  2 ball pythons (D:2)
  13 bats
  2 bat zombies
  3 giant cockroaches
  18 hobgoblins
  6 jackals
  13 kobolds
  6 giant newts
  24 goblins
  3 quokkas
  A quokka skeleton (D:7)
  35 rats
231 creatures vanquished.

Vanquished Creatures (collateral kills)
  3 wargs (D:8)
  2 orc warriors (Bailey)
  2 orc priests (D:8)
  5 gnolls (Bailey)
  7 orcs
  6 goblins (Bailey)
  4 hobgoblins (Bailey)
29 creatures vanquished.

Vanquished Creatures (others)
  A black bear (Bailey)
  2 ogres (Bailey)
3 creatures vanquished.

Grand Total: 263 creatures vanquished

Notes
Turn   | Place    | Note
--------------------------------------------------------------
     0 | D:1      | ahoge, the Gargoyle Berserker, began the quest for the Orb.
     0 | D:1      | Reached XP level 1. HP: 14/14 MP: 1/1
   164 | D:1      | Reached XP level 2. HP: 6/19 MP: 2/2
   605 | D:2      | Reached skill level 4 in Maces & Flails
   621 | D:2      | Acquired Trog's second power
   621 | D:2      | Reached XP level 3. HP: 23/23 MP: 3/3
  1305 | D:3      | Noticed RobertPalmer's ghost (average KoHu)
  1323 | D:3      | Killed RobertPalmer's ghost
  1323 | D:3      | Reached skill level 5 in Maces & Flails
  1323 | D:3      | Reached XP level 4. HP: 28/28 MP: 4/4
  1323 | D:3      | Reached XP level 5. HP: 32/32 MP: 5/5
  1339 | D:3      | Reached skill level 6 in Maces & Flails
  1653 | D:3      | Reached XP level 6. HP: 32/37 MP: 6/6
  1783 | D:3      | Noticed Robin
  1795 | D:3      | Reached skill level 7 in Maces & Flails
  1812 | D:3      | Killed Robin
  1923 | D:3      | Noticed Sigmund
  1939 | D:3      | Killed Sigmund
  1939 | D:3      | Reached XP level 7. HP: 41/41 MP: 7/7
  1955 | D:3      | Reached skill level 8 in Maces & Flails
  2036 | D:3      | Found a basalt altar of Yredelemnul.
  2039 | D:3      | Found a glowing silver altar of Zin.
  2585 | D:4      | Found a sacrificial altar of Ru.
  2586 | D:4      | Noticed Natasha
  2595 | D:4      | Killed Natasha
  3101 | D:4      | Noticed Natasha
  3108 | D:4      | Killed Natasha
  3267 | D:4      | Noticed Natasha
  3271 | D:4      | Killed Natasha
  3296 | D:5      | Entered Level 5 of the Dungeon
  3349 | D:5      | Reached skill level 9 in Maces & Flails
  3585 | D:5      | Reached XP level 8. HP: 41/46 MP: 8/8
  3643 | D:5      | Gained mutation: You can spit weak poison. [mutagenic meat]
  3644 | D:5      | Gained mutation: Your large and strong wings let you fly indefinitely. [mutagenic meat]
  3646 | D:5      | Gained mutation: You are occasionally teleported to nearby monsters. [mutagenic meat]
  3647 | D:5      | Gained mutation: Your spells are a little easier to cast, but a little less powerful. [mutagenic meat]
  3762 | D:5      | Reached skill level 10 in Maces & Flails
  3916 | D:5      | Acquired Trog's third power
  4432 | D:6      | Found a staircase to the Ecumenical Temple.
  4492 | D:6      | Reached skill level 11 in Maces & Flails
  4890 | D:7      | Reached XP level 9. HP: 48/51 MP: 9/9
  4957 | D:7      | Gained mutation: Your flesh is cold resistant. [mutagenic meat]
  4958 | D:7      | Lost mutation: You can spit weak poison. [mutagenic meat]
  4959 | D:7      | Gained mutation: You are resistant to hostile enchantments. [mutagenic meat]
  5080 | D:7      | Noticed Menkaure
  5090 | D:7      | Killed Menkaure
  5090 | D:7      | Reached skill level 12 in Maces & Flails
  5462 | D:7      | Reached skill level 1 in Stealth
  5493 | D:7      | Reached skill level 1 in Shields
  5796 | D:7      | Received a gift from Trog
  5946 | D:8      | Found a shadowy altar of Dithmenos.
  6027 | D:8      | Found a staircase to the Lair.
  6042 | D:8      | HP: 2/52 [orc priest/divine providence (12)]
  6117 | D:8      | Reached XP level 10. HP: 10/56 MP: 10/10
  6175 | D:8      | Found a flagged portal.
  6188 | Bailey   | Entered a bailey
  6432 | Bailey   | Received a gift from Trog
  6593 | Bailey   | Noticed an orc warlord
  6594 | Bailey   | Noticed an orc knight
  6621 | Bailey   | Killed an orc warlord
  6632 | Bailey   | Mangled by an orc knight

Action                   |  1- 3 |  4- 6 |  7- 9 | 10-12 || total
-------------------------+-------+-------+-------+-------++-------
Melee: Mace              |   124 |   122 |   562 |   129 ||   937
       Whip              |       |    60 |       |       ||    60
Invok: Trog's Hand       |     1 |     2 |     4 |     5 ||    12
       Berserk           |     1 |     2 |     4 |     1 ||     8
       Brothers in Arms  |       |       |     3 |     5 ||     8
 Abil: Fly               |       |       |     1 |       ||     1
  Use: Scroll            |     7 |       |     6 |       ||    13
       Potion            |     5 |     1 |     6 |     4 ||    16
 Stab: Sleeping          |     2 |       |     3 |       ||     5
  Eat: Chunk             |     1 |     5 |    28 |     5 ||    39
